 Dungeon Crawl Stone Soup version 0.30-a0-937-ga0a21ad780 (webtiles) character file.

Game seed: 11967408001052187318

1341 cforsyth the Ogre Mage (level 8, 0/62 (67) HPs)
             Began as an Ogre Air Elementalist on Mar 24, 2023.
             Slain by a wight
             ... wielding a +3 dagger
              (9 damage)
             ... on level 6 of the Dungeon.
             The game lasted 00:12:30 (9127 turns).

cforsyth the Ogre Mage (Ogre Air Elementalist)      Turns: 9127, Time: 00:12:31

HP:   0/62 (67)     AC:  3    Str: 13    XL:     8   Next: 62%
MP:   13/19         EV: 10    Int: 18    God:
Gold: 316           SH:  0    Dex:  9    Spells: 12/22 levels left

rFire   . . .      SeeInvis .    (no weapon)
rCold   . . .      Faith    .    (no shield)
rNeg    . . .      Spirit   .    a - +0 robe
rPois   .          Reflect  .    (helmet restricted)
rElec   .          Rampage  .    (no cloak)
rCorr   .                        (gloves unavailable)
Will    .....                    (boots unavailable)
Stlth   ++                       (no amulet)
HPRegen 0.30/turn                (no ring)
MPRegen 0.16/turn                (no ring)

@: sluggish, drained, very slow
A: large, unfitting armour, tough skin 1
a: no special abilities


You were on level 6 of the Dungeon.
You visited 1 branch of the dungeon, and saw 6 of its levels.

You collected 316 gold pieces.

Inventory:

Armour
 a - a +0 robe (worn)
Jewellery
 d - an amulet of faith
 l - an amulet of the acrobat
Wands
 n - a wand of light (14)
Scrolls
 c - 7 scrolls of teleportation {unknown}
 e - 2 scrolls of acquirement {unknown}
 g - 2 scrolls of poison {unknown}
 j - 2 scrolls of enchant armour {unknown}
 k - a scroll of summoning {unknown}
 o - 4 scrolls of identify {unknown}
 p - 3 scrolls of vulnerability {unknown}
 q - 2 scrolls of magic mapping {unknown}
 r - 2 scrolls of noise {unknown}
 t - 2 scrolls of immolation {unknown}
 u - a scroll of fog {unknown}
 w - 3 scrolls of enchant weapon {unknown}
 y - a scroll of amnesia {unknown}
 z - 3 scrolls of silence {unknown}
Potions
 b - a potion of magic
 f - 2 potions of ambrosia {unknown}
 h - a potion of brilliance {unknown}
 i - 2 potions of might {unknown}
 m - a potion of haste {unknown}
 s - 3 potions of curing {unknown}
 v - 2 potions of resistance {unknown}
 x - 3 potions of heal wounds {unknown}
 A - 2 potions of attraction {unknown}
 B - a potion of mutation {unknown}
 C - a potion of cancellation {unknown}
 D - a potion of lignification {unknown}


   Skills:
 - Level 2.3 Dodging
 - Level 2.1 Stealth
 + Level 7.5 Spellcasting
 - Level 3.0 Conjurations
 + Level 6.6 Air Magic


You had 12 spell levels left.
You knew the following spells:

 Your Spells              Type           Power      Damage    Failure   Level
a - Shock                 Conj/Air       96%        1d9       1%          1
b - Static Discharge      Conj/Air       48%        2-4/arc   2%          2
c - Swiftness             Air            30%        N/A       1%          3
d - Airstrike             Air            15%        2d(3-19)  7%          4

Your spell library contained the following spells:

 Spells                   Type           Power      Damage    Failure   Level
 Momentum Strike          Conj/Tloc      24%        3d8       9%          2
 Blink                    Tloc           12%        N/A       16%         2
 Lesser Beckoning         Tloc           12%        N/A       16%         2
 Inner Flame              Hex/Fire       6%         N/A       30%         3
 Cause Fear               Hex            3%         N/A       71%         4
 Leda's Liquefaction      Hex/Erth       3%         N/A       71%         4
 Lee's Rapid Deconstruct  Erth           3%         3d5*      96%         5
 Statue Form              Tmut/Erth      4%         N/A       100%        6
 Discord                  Hex            3%         N/A       100%        8


Dungeon Overview and Level Annotations

Branches:
Dungeon (6/15)
 Temple: D:4-7

Altars:
Ashenzari
Dithmenos
Hepliaklqana
Ru
Zin
The Shining One

Shops:
D:4 =   D:5 (


Innate Abilities, Weirdness & Mutations

You are too large for most types of armour.
You have tough skin. (AC +1)


Message History

Confirm with . or Enter, or press ? or * to list all spells.
You feel quick.
The wight hits you with a +1 great sword!!
* * * LOW HITPOINT WARNING * * *
You feel drained.
There is a stone staircase leading down here.
You start to feel a little slower.
Casting: Swiftness (dangerous; 2% risk of failure)
Confirm with . or Enter, or press ? or * to list all spells.
Aiming: Shock (safe; 1% risk of failure)
Press: ? - help, Shift-Dir - straight line, f - wight, p - wight
Aim: a wight, wielding a +0 great sword and wearing a +0 robe (heavily damaged, 74% to hit)
The zap hits the wight!
You destroy the wight!
The zap misses the wight.
The zap hits the wight.
The wight is severely damaged.
Casting: Shock (safe; 1% risk of failure)
Confirm with . or Enter, or press ? or * to list all spells.
Aiming: Shock (safe; 1% risk of failure)
Press: ? - help, Shift-Dir - straight line, f - wight, p - wight
Aim: a wight, wielding a +2 great sword and wearing a +0 robe (lightly damaged, 74% to hit)
The zap hits the wight.
The wight is severely damaged.
The zap hits the wight.
You destroy the wight!
The zap hits the wight but does no damage.
The wight is lightly damaged.
Casting: Shock (safe; 1% risk of failure)
Confirm with . or Enter, or press ? or * to list all spells.
Aiming: Shock (safe; 1% risk of failure)
Press: ? - help, Shift-Dir - straight line, f/p - wight
Aim: a wight, wielding a +2 great sword and wearing a +0 robe (lightly damaged, 74% to hit)
The zap hits the wight.
The wight is almost destroyed.
The zap misses the wight.
You feel sluggish.
There is an open door here.
You start to feel a little faster.
The wight hits you with a +3 dagger!
You die...

##### ######### #...#
#######.......###...#############
.z.>.)).....z.'z@...'............
#######.......###...#.###########
#.......# #...#.## #.......
#.......# #####..#######.##
#.......# ##........... #.......#
#..######.#. #.......#
#.........#. #.......#
#.#.#....... #.#...#####.


You could see 2 wights.

Vanquished Creatures
  A water moccasin (D:6)
  A black bear (D:4)
  An ogre (D:5)
  A centaur (D:5)
  A bullfrog (D:6)
  3 scorpions
  2 wights (D:6)
  2 quasits (D:4)
  4 hounds
  3 jellies
  2 iguanas
  An orc wizard (D:5)
  Robin (D:2)
  4 gnolls (D:6)
  6 adders
  3 shadow imps
  4 white imps (D:4)
  5 ufetubi
  A worm (D:3)
  4 dart slugs
  4 orcs
  7 endoplasms
  2 giant cockroaches (D:1)
  15 goblins
  13 hobgoblins
  2 jackals (D:1)
  5 quokkas
  7 ball pythons
  7 bats
  5 frilled lizards
  9 kobolds
  5 rats
131 creatures vanquished.

Vanquished Creatures (others)
  13 demonic plants (D:4)
13 creatures vanquished.

Grand Total: 144 creatures vanquished

Notes
Turn   | Place    | Note
-------+----------+-------------------------------------------
     0 | D:1      | cforsyth the Ogre Air Elementalist began the quest for the
                  | Orb.
     0 | D:1      | Reached XP level 1. HP: 16/16 MP: 3/3
   107 | D:1      | Reached skill level 1 in Conjurations
   204 | D:1      | Reached XP level 2. HP: 23/24 MP: 1/5
  1078 | D:1      | Reached XP level 3. HP: 26/31 MP: 0/7
  2568 | D:2      | Reached skill level 3 in Spellcasting
  2600 | D:2      | Reached XP level 4. HP: 39/39 MP: 0/8
  2772 | D:2      | Noticed Robin
  2778 | D:2      | Killed Robin
  4024 | D:3      | Reached XP level 5. HP: 43/45 MP: 3/10
  4027 | D:3      | Learned a level 2 spell: Static Discharge
  4031 | D:3      | Learned a level 3 spell: Swiftness
  4180 | D:3      | Found a faded altar of an unknown god.
  4555 | D:3      | Found a glowing golden altar of the Shining One.
  4555 | D:3      | Found a shadowy altar of Dithmenos.
  4563 | D:3      | Found a faded altar of an unknown god.
  4565 | D:3      | Found a broken altar of Ashenzari.
  4567 | D:3      | Found a glowing silver altar of Zin.
  5562 | D:4      | Noticed a black bear
  5672 | D:4      | Killed a black bear
  5673 | D:4      | Reached skill level 4 in Spellcasting
  5673 | D:4      | Reached XP level 6. HP: 25/53 MP: 1/12
  6071 | D:4      | Found a hazy altar of Hepliaklqana.
  6184 | D:4      | Learned a level 4 spell: Airstrike
  6328 | D:4      | Found Sopest's Jewellery Boutique.
  6669 | D:4      | Found a sacrificial altar of Ru.
  6949 | D:5      | Entered Level 5 of the Dungeon
  6949 | D:5      | Found Gutaas's Weapon Shop.
  6973 | D:5      | Reached XP level 7. HP: 59/59 MP: 9/14
  7027 | D:5      | Reached skill level 5 in Spellcasting
  7290 | D:5      | Reached skill level 5 in Air Magic
  7624 | D:5      | Reached skill level 6 in Spellcasting
  8002 | D:5      | Reached XP level 8. HP: 67/67 MP: 11/17
  8451 | D:6      | Reached skill level 7 in Spellcasting
  9127 | D:6      | Slain by a wight

Illustrated notes

Levels and vault maps discovered:
D:1:      giann_forest_graveyard, layout_loops_corners, serial_co_window_serial,
          co_window_paths_b, co_window_corner_a, co_window_corner_a,
          co_window_corner_a, co_window_corner_a, co_window_paths_b,
          co_window_paths_c, co_window_corner_b, co_window_paths_c,
          co_window_4corner_a, co_window_4corner_b, glass_columns_a,
          glass_columns_a, chequers_jeans
D:2:      layout_basic, uniq_robin
D:3:      kennysheep_big_flooded_room, layout_basic,
          chequers_temple_overflow_minitemple,
          hellmonk_ecumenical_altar_heavens_door, kennysheep_flooded_box
D:4:      layout_loops_ring, nicolae_ru_path_of_blood,
          nzn_hepliaklqana_mist_gate, serial_demonic, serial_demonic_d,
          serial_demonic_f, serial_demonic_g, serial_demonic_f,
          serial_demonic_b, serial_demonic_c, serial_shops, shop
D:5:      wander_river, layout_rooms, serial_shops, nicolae_shop_hallway_stairs,
          minmay_misc_feat_chi
D:6:      layout_basic

Skill      XL: |  1  2  3  4  5  6  7  8 |
---------------+-------------------------+-----
Conjurations   | 1 2 3 |  3.0
Dodging        | 2 |  2.3
Air Magic      | 3 4 5 6 |  6.6
Spellcasting   | 3 4 6 7 |  7.5
Stealth        | 2 |  2.1

Action                     |  1- 3 |  4- 6 |  7- 9 || total
---------------------------+-------+-------+-------++-------
  Melee: Unarmed           |    19 |     1 |       ||    20
   Cast: Shock             |    93 |   199 |   116 ||   408
         Swiftness         |       |     1 |     2 ||     3
         Airstrike         |       |       |     8 ||     8
 Armour: Robe              |    20 |    21 |     6 ||    47
  Dodge: Dodged            |    20 |    36 |    25 ||    81

Table legend: (Time is in decaauts)
 A = Elapsed time spent in this place.
 B = Non-inter-level travel time spent in this place.
 C = Inter-level travel time spent in this place.
 D = Time resting spent in this place.
 E = Time spent auto-exploring this place.
 F = Levels seen in this place.
 G = Mean time per level.
                   A        B        C        D        E       F      G
               +--------+--------+--------+--------+--------+-----+--------+
         Total |   9118 |   8956 |    162 |   1395 |   6457 |   6 | 1519.7 |
       Dungeon |   9118 |   8956 |    162 |   1395 |   6457 |   6 | 1519.7 |
               +--------+--------+--------+--------+--------+-----+--------+

Top non-repeatable levels by time:
     D:1: 2111 daAuts
     D:3: 1785 daAuts
     D:4: 1622 daAuts
     D:2: 1427 daAuts
     D:5: 1223 daAuts
     D:6: 949 daAuts
